 Dungeon Crawl Stone Soup version 0.26-a0-668-gd58323b419 (webtiles) character file.

Game seed: 8107783450038938224

4 imWUMPUS the Sneak (level 1, 16/16 HPs)
             Began as a Vampire Brigand on Oct 19, 2020.
             Quit the game on level 1 of the Dungeon.
             The game lasted 00:01:10 (231 turns).

imWUMPUS the Sneak (Vampire Brigand)                 Turns: 231, Time: 00:01:11

Health: 16/16      AC:  3    Str: 10    XL:     1   Next: 50%
Magic:  1/1        EV: 12    Int: 13    God:
Gold:   24         SH:  0    Dex: 15    Spells: 0/0 levels left

rFire    . . .     SeeInvis +   a - +2 dagger
rCold    . . .     Faith    .   (no shield)
rNeg     . . .     Spirit   .   b - +0 robe
rPois    .         Reflect  .   (no helmet)
rElec    .         Harm     .   c - +0 cloak
rCorr    .         Rampage  .   (no gloves)
MR       .....                  (no boots)
Stlth    +++.......             (no amulet)
HPRegen  0.25/turn              (no ring)
MPRegen  0.07/turn              (no ring)

@: regenerating quickly
A: fangs 3, see invisible, unbreathing
a: Exsanguinate


You were on level 1 of the Dungeon.
You visited 1 branch of the dungeon, and saw 1 of its levels.

You collected 24 gold pieces.

Inventory:

Hand Weapons
 a - a +2 dagger (weapon)
Missiles
 d - 8 poisoned darts (quivered)
 e - 2 curare-tipped darts
Armour
 b - a +0 robe (worn)
 c - a +0 cloak (worn)
Scrolls
 g - a scroll of noise {unknown}
Potions
 f - 2 potions of haste {unknown}


   Skills:
 + Level 1.9 Fighting
 - Level 2.1 Short Blades
 + Level 1.7 Throwing
 - Level 1.1 Dodging
 + Level 6.0 Stealth


You couldn't memorise any spells.
You didn't know any spells.
Your spell library was empty.

Dungeon Overview and Level Annotations

Branches:
Dungeon (1/15)

Altars:
Okawaru


Innate Abilities, Weirdness & Mutations

Your natural rate of healing is unusually fast.
You have razor-sharp teeth.
You have supernaturally acute eyesight. (SInv)
You can survive without breathing.


Message History

You throw a poisoned dart. The poisoned dart hits the goblin.
The goblin is poisoned.
The goblin hits you with a +0 dagger.
You barely miss the goblin.
The goblin is heavily wounded.
The goblin hits you with a +0 dagger.
You kill the goblin!
Your Stealth skill increases to level 6!
d - 8 poisoned darts (gained 1)
Things that are here:
a +0 dagger; a goblin corpse HP restored.
You see here a hand axe.
Found an escape hatch in the floor.
Found a plate armour.
Found a leather armour.
An ooze and a dart slug come into view.
Found a spear.
Found a hand axe.
Found an iron altar of Okawaru.
Found a mace and a falchion.
Are you sure you want to abandon this character and quit the game? (Confirm with "yes".)

##.........#. .## ..#
##.######(.. ... ..#.# #
......#. .).) ..#.#
###########. .._..##w#.#
#.)..)......
.).).#.?#.###.##########
....!..J...##.#
##.......##.#
.#..[.@[..##.#
...........##.#
#######>...##.#
#....##.######
#####........#.#
#..........#
#....########
#............
#........###.


You could see an ooze (wandering) and a dart slug (asleep).

Vanquished Creatures
  2 goblins (D:1)
  A kobold (D:1)
  A rat (D:1)
4 creatures vanquished.

Notes
Turn   | Place    | Note
-------+----------+-------------------------------------------
     0 | D:1      | imWUMPUS the Vampire Brigand began the quest for the Orb.
     0 | D:1      | Reached XP level 1. HP: 16/16 MP: 1/1
   192 | D:1      | Reached skill level 6 in Stealth
   228 | D:1      | Found an iron altar of Okawaru.
   231 | D:1      | Quit the game

Illustrated notes

Levels and vault maps discovered:
D:1:      roderic_crop_circles_arrival_small, layout_basic,
          okawaru_ov_weapons_minmay

Skill      XL: |  1 |
---------------+----+-----
Stealth        | 6 |  6.0
Fighting       | |  1.9
Short Blades   | |  2.1
Throwing       | |  1.7
Dodging        | |  1.1

Action                   || total
-------------------------++-------
Melee: Dagger            ||     5
Throw: Dart              ||     2
 Stab: Sleeping          ||     1
Dodge: Dodged            ||     3

Table legend: (Time is in decaauts)
 A = Elapsed time spent in this place.
 B = Non-inter-level travel time spent in this place.
 C = Inter-level travel time spent in this place.
 D = Time resting spent in this place.
 E = Time spent auto-exploring this place.
 F = Levels seen in this place.
 G = Mean time per level.
                   A        B        C        D        E       F      G
               +--------+--------+--------+--------+--------+-----+--------+
         Total |    230 |    230 |      0 |      0 |    143 |   1 |  230.0 |
       Dungeon |    230 |    230 |      0 |      0 |    143 |   1 |  230.0 |
               +--------+--------+--------+--------+--------+-----+--------+

Top non-repeatable levels by time:
     D:1: 230 daAuts
